 Dungeon Crawl Stone Soup version 0.26-a0-611-g354ed81502 (webtiles) character file.

Game seed: 17479994932992897023

18 MrRokkomies the Digger (level 2, -3/17 HPs)
             Began as an Octopode Earth Elementalist on Sept 5, 2020.
             Slain by a worker ant zombie (4 damage)
             ... on level 2 of the Dungeon.
             The game lasted 00:01:54 (890 turns).

MrRokkomies the Digger (Octopode Earth Elementalist) Turns: 890, Time: 00:01:54

Health: -3/17      AC:  1    Str:  7    XL:     2   Next: 70%
Magic:  0/5        EV: 13    Int: 17    God:
Gold:   52         SH:  0    Dex: 12    Spells: 4/5 levels left

rFire    . . .     SeeInvis +   h - +0 dagger
rCold    . . .     Faith    .   (no shield)
rNeg     . . .     Spirit   .   (helmet restricted)
rPois    .         Reflect  .   (no amulet)
rElec    .         Harm     .   a - ring of see invisible
rCorr    .                      (no ring)
MR       .....                  (no ring)
Stlth    +++.......             (no ring)
HPRegen  0.05/turn              (no ring)
MPRegen  0.09/turn              (no ring)
                                (no ring)
                                (no ring)

@: very slightly contaminated
A: almost no armour, stealthy swim, amphibious, 8 rings, constrict 8, camouflage
1, gelatinous body 1
a: no special abilities


You were on level 2 of the Dungeon.
You visited 1 branch of the dungeon, and saw 2 of its levels.

You collected 52 gold pieces.

Inventory:

Hand Weapons
 h - a +0 dagger (weapon)
Missiles
 b - 77 stones (quivered)
Jewellery
 a - a ring of see invisible (left tentacle)
Wands
 c - a wand of random effects (22)
Scrolls
 d - a scroll of remove curse {unknown}
Potions
 f - a potion of heal wounds
 i - a potion of mutation


   Skills:
 * Level 2.4 Dodging
 + Level 3.0 Stealth
 + Level 2.2 Spellcasting
   Level 1.0 Transmutations
 * Level 3.3 Earth Magic


You had 4 spell levels left.
You knew the following spells:

 Your Spells              Type           Power        Failure   Level
a - Sandblast             Erth           ##....       4%          1

Your spell library contained the following spells:

 Spells                   Type           Power        Failure   Level
 Passwall                 Tmut/Erth      #.......     12%         2
 Stone Arrow              Conj/Erth      #.....       28%         3
 Petrify                  Tmut/Erth      #.......     61%         4
 Lee's Rapid Deconstruct  Erth           ##........   80%         5


Dungeon Overview and Level Annotations

Branches:
Dungeon (2/15)

Altars:


Innate Abilities, Weirdness & Mutations

You cannot wear most types of armour.
You are very stealthy in the water. (Stealth+)
You are amphibious.
You can wear up to eight rings at the same time.
You can use your tentacles to constrict eight enemies at once.
Your skin changes colour to match your surroundings (Stealth+).
Your rubbery body absorbs attacks. (AC +1, EV +1)


Message History

Confirm with . or Enter, or press ? or * to list all spells.
Aiming: Sandblast (safe; 4% risk of failure)
Press: ? - help, Shift-Dir - straight line, f - worker ant zombie
Aim: a worker ant zombie (moderately damaged)
The blast of sand hits the worker ant zombie!
The worker ant zombie is heavily damaged.
b - 78 stones The worker ant zombie bites you.
Casting: Sandblast (safe; 4% risk of failure)
Confirm with . or Enter, or press ? or * to list all spells.
Aiming: Sandblast (safe; 4% risk of failure)
Press: ? - help, Shift-Dir - straight line, f/p - worker ant zombie
Aim: a worker ant zombie (heavily damaged)
The blast of sand hits the worker ant zombie.
The worker ant zombie is severely damaged.
b - 77 stones The worker ant zombie bites you.
* * * LOW HITPOINT WARNING * * *
The worker ant zombie bites you.
You die...

#.# #.# #.# #.# #.#
#.##### #.###...
.#### #..##.###....
##.#.#.#.#.#.#$#.#
#................!
##.#.#.#.#.#.#.#.#.
#........@Z†.......
##.#.#.#.#)#.#.#.#.
......###.#### #
######. #. #. #.#
#. #.# .. #.


You could see a worker ant zombie.

Vanquished Creatures
  An ooze (D:1)
  A ball python (D:2)
  2 giant cockroaches (D:2)
  3 goblins
  A hobgoblin (D:2)
  2 bats (D:1)
  2 frilled lizards (D:1)
  2 kobolds (D:1)
14 creatures vanquished.

Notes
Turn   | Place    | Note
-------+----------+-------------------------------------------
     0 | D:1      | MrRokkomies the Octopode Earth Elementalist began the quest
                  | for the Orb.
     0 | D:1      | Reached XP level 1. HP: 11/11 MP: 3/3
   337 | D:1      | Reached XP level 2. HP: 4/17 MP: 1/5
   890 | D:2      | Slain by a worker ant zombie

Illustrated notes

Levels and vault maps discovered:
D:1:      lightli_arrival_maybe_door_vault, layout_rooms
D:2:      layout_basic, hangedman_abyss_or_decor_stabs, st_stairs_13, hex_large

Skill      XL: |  1  2 |
---------------+-------+-----
Stealth        | 3 |  3.0
Dodging        | |  2.4
Spellcasting   | |  2.2
Transmutations | |  1.0
Earth Magic    | |  3.3

Action                   || total
-------------------------++-------
Melee: Unarmed           ||    18
       Constrict         ||    11
       Tentacles         ||     3
       Dagger            ||    10
 Cast: Sandblast         ||     7
  Use: Scroll            ||     5
 Stab: Sleeping          ||     2
Armor: Skin              ||     3
Dodge: Dodged            ||    24

Table legend: (Time is in decaauts)
 A = Elapsed time spent in this place.
 B = Non-inter-level travel time spent in this place.
 C = Inter-level travel time spent in this place.
 D = Time resting spent in this place.
 E = Time spent auto-exploring this place.
 F = Levels seen in this place.
 G = Mean time per level.
                   A        B        C        D        E       F      G
               +--------+--------+--------+--------+--------+-----+--------+
         Total |    888 |    885 |      3 |     40 |    729 |   2 |  444.0 |
       Dungeon |    888 |    885 |      3 |     40 |    729 |   2 |  444.0 |
               +--------+--------+--------+--------+--------+-----+--------+

Top non-repeatable levels by time:
     D:1: 729 daAuts
     D:2: 159 daAuts
